 Dungeon Crawl Stone Soup version 0.30.1-11-g7821555f0a (webtiles) character file.

Game seed: 2510485364898968882

2 Ijustatesigmund the Conjurer (level 1, 0/11 HPs)
             Began as an Octopode Conjurer on Dec 19, 2023.
             Slain by a jackal (3 damage)
             ... on level 1 of the Dungeon.
             The game lasted 00:00:23 (57 turns).

Ijustatesigmund the Conjurer (Octopode Conjurer)      Turns: 57, Time: 00:00:23

Health: 0/11       AC:  1    Str:  6    XL:     1   Next: 40%
Magic:  0/3        EV: 13    Int: 20    God:
Gold:   8          SH:  0    Dex: 10    Spells: 3/4 levels left

rFire   . . .        (no weapon)
rCold   . . .        (no shield)
rNeg    . . .        (helmet restricted)
rPois   .            (no amulet)
rElec   .            (no ring)
rCorr   .            (no ring)
SInv    .            (no ring)
Will    .....        (no ring)
Stlth   +++          (no ring)
HPRegen 0.21/turn    (no ring)
MPRegen 0.08/turn    (no ring)
                     (no ring)

%: no passive effects
@: no status effects
A: almost no armour, amphibious, 8 rings, camouflage 1, gelatinous body 1,
(nimble swimmer 1), tentacles
a: no special abilities


You were on level 1 of the Dungeon.
You visited 1 branch of the dungeon, and saw 1 of its levels.

You collected 8 gold pieces.

Inventory:

Jewellery
 b - a ring of positive energy
Potions
 a - a potion of magic


   Skills:
 + Level 0.2 Fighting
 - Level 2.0 Dodging
 - Level 2.6 Stealth
 + Level 2.0 Spellcasting
 + Level 4.0 Conjurations


You had 3 spell levels left.
You knew the following spells:

 Your Spells              Type           Power      Damage    Failure   Level
a - Magic Dart            Conj           72%        1d6       3%          1

Your spell library contained the following spells:

 Spells                   Type           Power      Damage    Failure   Level
 Searing Ray              Conj           36%        2d5       4%          2
 Dazzling Flash           Conj/Hex       20%        N/A       21%         3
 Fulminant Prism          Conj/Hex       5%         3d6       56%         4
 Iskenderun's Mystic Bla  Conj/Tloc      10%        2d4       56%         4


Dungeon Overview and Level Annotations

Branches:
Dungeon (1/15)

Altars:


Innate Abilities, Weirdness & Mutations

You cannot wear most types of armour.
You are amphibious.
You can wear up to eight rings at the same time.
Your skin changes colour to match your surroundings (Stealth+).
Your rubbery body absorbs attacks. (AC +1, EV +1)
((You are camouflaged when in or above water. (Stealth+)))
You have tentacles for arms and can constrict up to eight enemies at once.


Message History

The jackal is heavily wounded.
You constrict the jackal, but do no damage.
The jackal bites you.
* * * LOW HITPOINT WARNING * * *
The jackal barely misses you.
You barely miss the jackal.
The jackal is heavily wounded.
You constrict the jackal. The jackal bites you.
* * * LOW HITPOINT WARNING * * *
You tentacle-slap the jackal.
The jackal is almost dead.
You constrict the jackal.
You kill the jackal!
You barely miss the jackal. Your grab misses the jackal.
You squeeze the jackal, but do no damage.
The jackal bites you but does no damage.
The jackal barely misses you.
You tentacle-slap the jackal but do no damage.
You grab the jackal.
You constrict the jackal, but do no damage.
The jackal closely misses you.
Casting: Magic Dart (safe; 3% risk of failure)
Confirm with . or Enter, or press ? or * to list all spells.
Aiming: Magic Dart (safe; 3% risk of failure)
Press: ? - help, Shift-Dir - straight line, f - jackal
Aim: a jackal (constricted by you, 100% to hit)
The magic dart hits the jackal.
The jackal is heavily wounded.
You constrict the jackal, but do no damage.
The jackal bites you.
* * * LOW HITPOINT WARNING * * *
The jackal closely misses you.
You tentacle-slap the jackal but do no damage.
The jackal is heavily wounded.
You constrict the jackal. The jackal completely misses you.
You tentacle-slap the jackal but do no damage.
The jackal is almost dead.
You constrict the jackal, but do no damage.
The jackal bites you.
You die...

#.......)..#
#.....(..###
#........#
#........#
#........#
#........#
########.#
#h# #@# #.#
###
#.######.###
#.##.......##
#.#...P...P.#
#^..#.......#
###.....<...#
#.........#
###.P...P.#


You could see a jackal.

Vanquished Creatures
  2 jackals (D:1)
2 creatures vanquished.

Notes
Turn   | Place    | Note
-------+----------+-------------------------------------------
     0 | D:1      | Ijustatesigmund the Octopode Conjurer began the quest for
                  | the Orb.
     0 | D:1      | Reached XP level 1. HP: 11/11 MP: 3/3
    57 | D:1      | Slain by a jackal

Illustrated notes

Levels and vault maps discovered:
D:1:      dpeg_arrival_orchard, layout_basic, minmay_misc_feat_roman

Action                     || total
---------------------------++-------
  Melee: Unarmed           ||    14
         Constrict         ||     3
         Tentacles         ||     2
   Cast: Magic Dart        ||     5
 Armour: Skin              ||     2
  Dodge: Dodged            ||     8
